 Dungeon Crawl Stone Soup version 0.17-a0-877-ga10078a (webtiles) character file.

142 hornqvist the Shield-Bearer (level 5, -4/41 HPs)
             Began as a Formicid Fighter on Apr 30, 2015.
             Slain by an ogre
             ... wielding a +0 giant spiked club
              (21 damage)
             ... on level 4 of the Dungeon.
             The game lasted 00:02:12 (2743 turns).

hornqvist the Shield-Bearer (Formicid Fighter)      Turns: 2743, Time: 00:02:12

Health: -4/41      AC:  9    Str: 21    XL:     5   Next: 49%
Magic:  5/5        EV:  9    Int: 12    God:
Gold:   130        SH: 10    Dex: 14    Spells: 0 memorised, 4 levels left

rFire  . . .     SeeInvis +     a - +0 war axe
rCold  . . .     Clarity  .     b - +0 scale mail
rNeg   . . .     SustAb   .     c - +0 shield
rPois  .         Gourm    .     (helmet unavailable)
rElec  .         Spirit   .     (no cloak)
rCorr  .         Warding  .     i - +1 pair of gloves
rMut   .         Stasis   +     (no boots)
MR     .....                    (no amulet)
Stlth  ..........               s - +4 ring of intelligence
                                m - +4 ring of dexterity

@: not resistant to hostile enchantments, extremely unstealthy
A: permanent stasis, dig shafts and tunnels, four strong arms, antennae 3
a: Dig, Shaft Self


You were on level 4 of the Dungeon.
You were not hungry.

You visited 2 branches of the dungeon, and saw 5 of its levels.

You collected 130 gold pieces.

Inventory:

Hand weapons
 a - a +0 war axe (weapon)
Armour
 b - a +0 scale mail (worn)
 c - a +0 shield (worn)
 i - a +1 pair of gloves (worn)
Jewellery
 m - a +4 ring of dexterity (left hand)
 s - a +4 ring of intelligence (right hand)
Scrolls
 f - a scroll of remove curse {unknown}
 g - 10 scrolls of identify {unknown}
 h - 3 scrolls of teleportation {unknown}
 j - a scroll of enchant weapon {unknown}
 k - a scroll of immolation {unknown}
 l - a scroll of blinking {unknown}
 r - a scroll of fog {unknown}
 w - a scroll of random uselessness {unknown}
Potions
 d - 3 potions of might
 n - a potion of flight {unknown}
 o - a potion of heal wounds {unknown}
 t - 2 potions of poison {unknown}
 u - a potion of haste {unknown}
Comestibles
 e - 6 bread rations
 p - 2 royal jellies
 q - 5 fruits
 v - a slice of pizza


   Skills:
 - Level 3.2 Fighting
 * Level 4.1 Axes
 - Level 3.2 Armour
 + Level 2.1 Dodging
 + Level 4.3 Shields


You had 4 spell levels left.
You didn't know any spells.

Dungeon Overview and Level Annotations

Branches:
Dungeon (4/15)             Temple (1/1) D:4

Altars:
Ashenzari
Cheibriados
Elyvilon
Fedhas
Kikubaaqudgha
Okawaru
Qazlal
Ru
Trog
Vehumet
Xom
Zin
The Shining One


Innate Abilities, Weirdness & Mutations

You are under a permanent stasis effect.
You can dig through walls and to a lower floor.
Your four strong arms can wield two-handed weapons with a shield.
You have a pair of large antennae on your head (SInv).


Message History

There is a staircase back to the Dungeon here.
You climb upwards.
Welcome back to the Dungeon!
The bat completely misses you.
The ogre is too close now for your liking.
There is a staircase to the Ecumenical Temple here.
You regained 2 hp, and now have 39/41 hp.
You block the bat's attack.
The ogre hits you with a giant spiked club!
The bat closely misses you.
You take 7 damage, and have 32/41 hp.
You hit the ogre. You hit the bat. The bat hits you but does no damage.
You block the bat's attack.
The ogre hits you with a giant spiked club!
* * * LOW HITPOINT WARNING * * *
You take 15 damage, and have 17/41 hp.
MASSIVE DAMAGE!!
You hit the bat.
You kill the bat!
You hit the ogre.
The ogre hits you with a giant spiked club!!
Ouch! That really hurt!
You die...

##...##...##
##...######
...#.....#
#...#.....#####
#.............#
#......#.#(...#
......#.#.#...##
#.%...#O#.#.#...#
#......#@>.#....#
#.....#.#.#.#...#
......#.#.#..+##
.......#.#....#
#...............
...#......+...
..##.....#..
#.....# ....


You could see an ogre.

Vanquished Creatures
  2 worker ants (D:4)
  2 adders
  An ooze (D:2)
  3 worms
  A giant gecko (D:3)
  3 orcs (D:3)
  9 bats
  2 giant cockroaches
  5 hobgoblins
  2 jackals (D:1)
  4 quokkas
  A ball python (D:3)
  4 giant newts
  6 goblins
  7 kobolds
  9 rats
61 creatures vanquished.

Vanquished Creatures (others)
  A human (D:3)
1 creature vanquished.

Grand Total: 62 creatures vanquished

Notes
Turn   | Place    | Note
--------------------------------------------------------------
     0 | D:1      | hornqvist, the Formicid Fighter, began the quest for the Orb.
     0 | D:1      | Reached XP level 1. HP: 18/18 MP: 1/1
   147 | D:1      | Reached XP level 2. HP: 24/24 MP: 2/2
   568 | D:1      | Reached skill level 1 in Dodging
   615 | D:1      | Reached XP level 3. HP: 29/29 MP: 3/3
  1291 | D:2      | Reached XP level 4. HP: 35/35 MP: 4/4
  1559 | D:3      | Found an ancient bone altar of Kikubaaqudgha.
  1567 | D:3      | Noticed a human
  1568 | D:3      | Killed a human
  1900 | D:3      | Reached skill level 4 in Shields
  2294 | D:4      | Reached XP level 5. HP: 15/41 MP: 5/5
  2664 | D:4      | Found a staircase to the Ecumenical Temple.
  2689 | D:4      | Noticed an ogre
  2692 | Temple   | Entered the Ecumenical Temple
  2743 | D:4      | Slain by an ogre

Action                   |  1- 3 |  4- 6 || total
-------------------------+-------+-------++-------
Melee: War axe           |   125 |    88 ||   213
  Eat: Chunk             |     1 |     5 ||     6
